 Dungeon Crawl Stone Soup version 0.20.0-8-g6b59dc7 (webtiles) character file.

473 Darkell the Slasher (level 7, -4/41 HPs)
             Began as a Tengu Gladiator on May 30, 2017.
             Slain by Eustachio
             ... wielding a +0 rapier
              (9 damage)
             ... on level 4 of the Dungeon.
             The game lasted 00:05:48 (4558 turns).

Darkell the Slasher (Tengu Gladiator)               Turns: 4558, Time: 00:05:49

Health: -4/41      AC:  3    Str: 16      XL:     7   Next: 10%
Magic:  8/8        EV: 14    Int:  8      God:
Gold:   189        SH:  0    Dex: 15 (16) Spells: 6/6 levels left

rFire    . . .     SeeInvis .   a - +1 long sword
rCold    . . .     Gourm    .   (no shield)
rNeg     . . .     Faith    .   b - +0 leather armour
rPois    .         Spirit   .   c - +0 hat
rElec    .         Reflect  .   (no cloak)
rCorr    .         Harm     .   (no gloves)
MR       .....                  (boots unavailable)
Stlth    ++........             (no amulet)
Regen    0.2/turn               (no ring)
MPRegen  0.2/turn               (no ring)

@: no status effects
A: beak, talons 3, able to fly 1
a: Fly


You were on level 4 of the Dungeon.
You were hungry.

You visited 1 branch of the dungeon, and saw 4 of its levels.
You also visited: Sewer.

You collected 189 gold pieces.

Inventory:

Hand Weapons
 a - a +1 long sword (weapon)
Missiles
 d - 3 throwing nets (quivered)
Armour
 b - a +0 leather armour (worn)
 c - a +0 hat (worn)
Jewellery
 k - an uncursed ring of flight
Wands
 h - a wand of scattershot (4/9)
Scrolls
 e - 3 scrolls of remove curse {unknown}
 g - 3 scrolls of identify {unknown}
 j - 2 scrolls of magic mapping
 m - a scroll of fear {unknown}
 n - 2 scrolls of enchant armour {unknown}
 q - a scroll of recharging {unknown}
 r - a scroll of noise {unknown}
 s - a scroll of amnesia {unknown}
 v - a scroll of enchant weapon
Potions
 l - 2 potions of flight
 o - 2 potions of agility {unknown}
 p - a potion of curing
 t - a potion of cancellation {unknown}
Comestibles
 f - 5 bread rations
 i - 2 royal jellies
 u - 2 meat rations


   Skills:
 + Level 3.2 Fighting
 + Level 6.2 Long Blades
 + Level 2.1 Throwing
 + Level 2.6 Armour
 + Level 4.8 Dodging
 + Level 1.5 Stealth


You had 6 spell levels left.
You didn't know any spells.

Dungeon Overview and Level Annotations

Branches:
Dungeon (4/15)
 Temple: D:4-7

Altars:
Kikubaaqudgha
Makhleb
Yredelemnul
The Shining One

Annotations:
D:4 Eustachio


Innate Abilities, Weirdness & Mutations

You have a beak for a mouth.
You have claws for feet.
You can fly.


Message History

The shadow imp hits you.
* * * LOW HITPOINT WARNING * * *
Eustachio mumbles some strange words.
You barely miss Eustachio. You claw Eustachio, but do no damage.
Eustachio is almost dead.
The shadow imp hits you.
* * * LOW HITPOINT WARNING * * *
Eustachio mumbles some strange words.
You hit Eustachio but do no damage. You claw Eustachio.
Eustachio is almost dead.
The shadow imp barely misses you.
You riposte.
You hit the shadow imp.
The shadow imp is heavily wounded.
Eustachio misses you.
You hit Eustachio.
Eustachio is almost dead.
The shadow imp gestures at you. Pain shoots through your body!
* * * LOW HITPOINT WARNING * * *
Eustachio hits you with a rapier!
You die...

#.#.#
#.#.#
#.#.#
#.#.#
#.#.#
#.#.#
#.#.#
#.#5#
#5#@#
#5#@#
#.#5#
#.#r#
#5#.#
#.#.#
#.#.#
#...#
#####


You could see Eustachio, a quasit, a river rat and a shadow imp.

Vanquished Creatures
  Purgy (Sewer)
  An ogre (D:4)
  Natasha (thrice) (D:2)
  A worker ant (D:3)
  4 gnolls (D:3)
  5 adders
  7 worms
  A dart slug (D:2)
  2 leopard geckos
  3 orcs (D:3)
  11 bats
  2 giant cockroaches
  10 goblins
  11 hobgoblins
  6 jackals
  3 ball pythons
  6 frilled lizards
  11 kobolds
  10 rats
98 creatures vanquished.

Notes
Turn   | Place    | Note
-------+----------+-------------------------------------------
     0 | D:1      | Darkell the Tengu Gladiator began the quest for the Orb.
     0 | D:1      | Reached XP level 1. HP: 12/12 MP: 2/2
   199 | D:1      | Reached XP level 2. HP: 17/17 MP: 3/3
   429 | D:1      | Reached XP level 3. HP: 11/21 MP: 4/4
  1096 | D:1      | Reached skill level 4 in Long Blades
  1218 | D:2      | Reached skill level 1 in Armour
  1218 | D:2      | Reached XP level 4. HP: 21/26 MP: 5/5
  1585 | D:2      | Noticed Natasha
  1595 | D:2      | Killed Natasha
  1808 | D:2      | Noticed Natasha
  1817 | D:2      | Killed Natasha
  1817 | D:2      | Gained mutation: You can fly. [Tengu growth]
  1817 | D:2      | Reached XP level 5. HP: 3/31 MP: 6/6
  1823 | D:2      | Noticed Natasha
  1833 | D:2      | HP: 1/31 [Natasha (4)]
  1836 | D:2      | Killed Natasha
  1992 | D:2      | Found a burning altar of Makhleb.
  1997 | D:2      | Found a glowing golden altar of the Shining One.
  2428 | D:3      | Reached skill level 5 in Long Blades
  2557 | D:3      | Found a glowing drain.
  2612 | Sewer    | Entered a sewer
  2908 | Sewer    | Noticed Purgy
  2914 | Sewer    | Killed Purgy
  2914 | Sewer    | Reached XP level 6. HP: 20/36 MP: 7/7
  3410 | D:3      | Reached skill level 1 in Stealth
  4354 | D:4      | Found a basalt altar of Yredelemnul.
  4368 | D:4      | Found an ancient bone altar of Kikubaaqudgha.
  4377 | D:4      | Reached skill level 6 in Long Blades
  4377 | D:4      | Reached XP level 7. HP: 33/41 MP: 8/8
  4443 | D:4      | Noticed Eustachio
  4558 | D:4      | Slain by Eustachio

Skill      XL: |  1  2  3  4  5  6 |
---------------+-------------------+-----
Dodging        | 4 |  4.8
Long Blades    | 4 5 6 |  6.2
Armour         | 1 2 |  2.6
Stealth        | 1 |  1.5
Fighting       | 3 |  3.2
Throwing       | |  2.1

Action                   |  1- 3 |  4- 6 |  7- 9 || total
-------------------------+-------+-------+-------++-------
Melee: Long sword        |    75 |   148 |    42 ||   265
       Peck              |    12 |    32 |     9 ||    53
       Kick              |    16 |    61 |    17 ||    94
  Use: Potion            |       |     3 |       ||     3
       Scroll            |       |     3 |       ||     3
 Stab: Sleeping          |     1 |     8 |       ||     9
  Eat: Chunk             |       |    11 |       ||    11
Armor: Leather armour    |    15 |    20 |    12 ||    47
Dodge: Dodged            |    60 |   105 |    40 ||   205
       Rpst.: Long sword |    20 |    39 |     8 ||    67
